 Dungeon Crawl Stone Soup version 0.32-a0-999-gfa1cc04b1d (webtiles) character file.

Game seed: 16513179522895990576

5 Cancer the Sneak (level 1, -4/16 HPs)
             Began as an Octopode Delver on Apr 24, 2024.
             Slain by a phantom (7 damage)
             ... on level 4 of the Dungeon.
             The game lasted 00:01:04 (153 turns).

Cancer the Sneak (Octopode Delver)                   Turns: 153, Time: 00:01:04

Health: -4/16      AC:  1    Str: 11    XL:     1   Next: 80%
Magic:  1/1        EV: 12    Int: 12    God:
Gold:   17         SH:  0    Dex: 13    Spells: 0/0 levels left

rFire   . .          .
                       - Unarmed
rCold   . . .        (no shield)
rNeg    . . .        (helmet restricted)
rPois   .            (no amulet)
rElec   .            (no ring)
rCorr   .            (no ring)
SInv    .            (no ring)
Will    .....        (no ring)
Stlth   ++++         (no ring)
HPRegen 0.22/turn    (no ring)
MPRegen 0.07/turn    (no ring)
                     (no ring)

%: no passive effects
@: no status effects
A: almost no armour, amphibious, 8 rings, camouflage 1, gelatinous body 1,
(nimble swimmer 1), tentacles
a: no special abilities


You were on level 4 of the Dungeon.
You visited 1 branch of the dungeon, and saw 2 of its levels.

You collected 17 gold pieces.

Inventory:

Wands
 e - a wand of digging (3)
Scrolls
 a - a scroll of fog
 b - a scroll of revelation
 c - a scroll of fear
Potions
 d - a potion of haste


   Skills:
 - Level 3.0 Fighting
 - Level 2.0 Dodging
 + Level 7.0 Stealth
 - Level 2.0 Unarmed Combat


You couldn't memorise any spells.
You didn't know any spells.
Your spell library was empty.

Dungeon Overview and Level Annotations

Branches:
Dungeon (5/15)
 Temple: D:4-7

Altars:

Annotations:
D:5 3 runed translucent doors


Innate Abilities, Weirdness & Mutations

You cannot wear most types of armour.
You are amphibious.
You can wear up to eight rings at the same time.
Your skin changes colour to match your surroundings (Stealth+).
Your rubbery body absorbs attacks. (AC +1, EV +1)
((You are camouflaged when in or above water. (Stealth+)))
You have tentacles for arms and can constrict up to eight enemies at once.


Message History

Your Stealth skill increases to level 7!
You tentacle-slap the phantom.
The phantom is lightly damaged.
The phantom hits you.
You tentacle-slap the phantom.
The phantom is lightly damaged.
The phantom hits you.
You tentacle-slap the phantom. Your squeeze misses the phantom.
The phantom is lightly damaged.
The phantom hits you.
The phantom blinks!
You blink.
You tentacle-slap the phantom.
The phantom is lightly damaged.
The phantom hits you but does no damage.
You barely miss the phantom.
The phantom is lightly damaged.
The phantom misses you.
You barely miss the phantom.
The phantom is lightly damaged.
The phantom misses you.
You tentacle-slap the phantom but do no damage.
The phantom is lightly damaged.
The phantom closely misses you.
You tentacle-slap the phantom.
The phantom is lightly damaged.
The phantom hits you but does no damage.
You tentacle-slap the phantom.
The phantom is moderately damaged.
The phantom hits you!
* * * LOW HITPOINT WARNING * * *
The phantom blinks!
You blink.
You miss the phantom. You squeeze the phantom.
The phantom is heavily damaged.
The phantom misses you.
You tentacle-slap the phantom but do no damage.
The phantom is heavily damaged.
The phantom barely misses you.
You closely miss the phantom.
The phantom is heavily damaged.
The phantom hits you!
You die...

#.. #.. ##..###
.....# #..#.# #..#.#
###..#.##
#.......###########
#.#......†....W@..#
#....#####...##.####
## ....##
..###.##.##.# . ####
.g..#..#.##.####.#
#.....#.......#.#####
#.W........†.......
##..####.##.#.####
.....# ####.#.#
..##.#. #.#.#


You could see a phantom.

Vanquished Creatures
  A ribbon worm (D:4)
  An endoplasm (D:4)
  A ball python (D:4)
3 creatures vanquished.

Notes
Turn   | Place    | Note
-------+----------+-------------------------------------------
     0 | D:5      | Cancer the Octopode Delver began the quest for the Orb.
     0 | D:5      | Reached XP level 1. HP: 16/16 MP: 1/1
    19 | D:5      | Noticed an iguana
    27 | D:5      | Found a runed translucent gate.
    27 | D:5      | Found a runed translucent gate.
    27 | D:5      | Found a runed translucent gate.
    48 | D:4      | Noticed an iguana
    64 | D:4      | Noticed a scorpion
   130 | D:4      | Noticed a phantom
   141 | D:4      | Reached skill level 7 in Stealth
   153 | D:4      | Slain by a phantom

Illustrated notes

Levels and vault maps discovered:
D:4:      layout_loops_ring, kennysheep_mini, led_sif_book,
          mainiacjoe_overflow_catch_the_wave
D:5:      layout_rooms, gammafunk_ghost_icy

Skill      XL: |  1 |
---------------+----+-----
Stealth        | 7 |  7.0
Fighting       | |  3.0
Dodging        | |  2.0
Unarmed Combat | |  2.0

Action                     || total
---------------------------++-------
  Melee: Unarmed           ||    21
         Tentacles         ||     3
         Constrict         ||     2
   Stab: Sleeping          ||     1
 Armour: Skin              ||     9
  Dodge: Dodged            ||     8

Table legend: (Time is in decaauts)
 A = Elapsed time spent in this place.
 B = Non-inter-level travel time spent in this place.
 C = Inter-level travel time spent in this place.
 D = Time resting spent in this place.
 E = Time spent auto-exploring this place.
 F = Levels seen in this place.
 G = Mean time per level.
                   A        B        C        D        E       F      G
               +--------+--------+--------+--------+--------+-----+--------+
         Total |    151 |    151 |      0 |     23 |      2 |   2 |   75.5 |
       Dungeon |    151 |    151 |      0 |     23 |      2 |   2 |   75.5 |
               +--------+--------+--------+--------+--------+-----+--------+

Top non-repeatable levels by time:
     D:4: 107 daAuts
     D:5: 44 daAuts
